Map: Acropolis LE

Players

Djorn

  • Race: Protoss Protoss
  • League: Bronze
  • Spawn Location: 11:00

A.I. 1 (Medium) - Winner!

  • Race: Protoss Protoss
  • Spawn Location: 5:00

VOD

Have the link to the VOD?

Description

Time

  • Played on: Aug. 26, 2019, 9:22 a.m.
  • Length: 5:01
Show
View Real Time Build Order
Export as new Build Order

Djorn Protoss 

Build Orders:  

Get SALT Encoding   

  12  0:01  Probe  
  13  0:14  Probe  
  14  0:22  Pylon  
  14  0:26  Probe  
  15  0:46  Probe  
  16  0:50  Gateway  
  16  0:54  Probe  
  16  1:00  Assimilator  
  16  1:04  Probe  
  18  1:16  Probe  
  19  1:23  Gateway  
  19  1:41  Cybernetics Core  
  19  1:48  Probe  
  19  1:53  Zealot  
  22  2:00  Probe  
  23  2:13  Warp Gate  
  23  2:15  Pylon  
  23  2:33  Probe  
  23  2:34  Assimilator  
  24  2:45  Pylon, Probe  
  25  2:57  Probe  
  26  3:00  Gateway  
  26  3:02  Stalker  
  28  3:05  Stalker  
  30  3:13  Gateway  
  30  3:20  Robotics Facility  
  30  3:25  Probe  
  31  3:37  Probe  
  32  4:10  Immortal  
  36  4:17  Pylon  
  36  4:21  Pylon  
  36  4:24  Pylon  
  36  4:25  Stalker  
  38  4:36  Stalker x3  
  44  4:51  Zealot  
  50  5:00  Zealot  
  50  5:01  Zealot x2  
Show
View Real Time Build Order
Export as new Build Order

A.I. 1 (Medium) Protoss - Winner!

Build Orders: 1 Gate Expand 

Get SALT Encoding   

  12  0:00  Probe  
  13  0:13  Probe  
  14  0:20  Pylon  
  14  0:25  Probe  
  15  0:34  Probe  
  15  0:42  Probe  
  17  0:51  Gateway  
  17  1:08  Probe  
  17  1:09  Nexus  
  18  1:27  Pylon  
  18  1:30  Assimilator  
  18  1:39  Zealot  
  20  1:41  Cybernetics Core  
  20  1:42  Probe  
  21  1:54  Probe  
  22  2:05  Probe  
  22  2:06  Gateway  
  23  2:12  Assimilator  
  23  2:17  Probe  
  23  2:20  Stalker  
  23  2:21  Pylon  
  26  2:24  Warp Gate  
  26  2:25  Probe  
  27  2:39  Probe  
  28  2:50  Zealot  
  30  2:57  Stalker  
  30  3:03  Assimilator  
  32  3:17  Assimilator  
  32  3:25  Probe, Stalker  
  35  3:29  Probe  
  36  3:37  Probe  
  36  3:41  Probe  
  38  3:45  Stalker  
  40  3:49  Probe  
  40  3:53  Probe  
  41  4:01  Probe  
  42  4:08  Pylon  
  42  4:11  Probe, Sentry  
  42  4:15  Probe  
  46  4:23  Probe  
  47  4:27  Probe  
  48  4:31  Stalker  
  48  4:35  Probe  
  48  4:38  Pylon  
  51  4:39  Probe  
  52  4:48  Probe  
  52  4:51  Stalker  
Tags
 
League
Bronze
Matchup
PvP
Replay Pack
sc2replays
Spawn Locations
Cross Positions
Add a new tag
Caveats
  • Supply blocks, unpowered buildings, or Contaminate may cause inaccurate times.
  • Supply counts are checked every 10 seconds.